 Dungeon Crawl Stone Soup version 0.28-a0-938-gbc3f381ebc (webtiles) character file.

Game seed: 10584929612134429055

8800 AvatarAndi78 the Cleaver (level 11, -2/99 HPs)
             Began as a Minotaur Berserker on Nov 28, 2021.
             Was a Priest of Trog.
             Killed from afar by an electric eel (10 damage)
             ... with a bolt of electricity
             ... on level 10 of the Dungeon.
             The game lasted 00:20:30 (9256 turns).

AvatarAndi78 the Cleaver (Minotaur Berserker)       Turns: 9256, Time: 00:20:31

Health: -2/99      AC: 19    Str: 26 (29) XL:     11   Next: 14%
Magic:  0/10       EV:  8    Int:  2 (4)  God:    Trog [***...]
Gold:   677        SH:  0    Dex:  7 (10) Spells: 10/10 levels left

rFire   . . .      SeeInvis .   m - +2 executioner's axe of Ihisiwegg {vorpal, Will+ Str+4}
rCold   . . .      Faith    .   (shield currently unavailable)
rNeg    . . .      Spirit   +   G - +0 plate armour
rPois   .          Reflect  .   (helmet restricted)
rElec   .          Harm     .   x - +0 cloak
rCorr   +          Rampage  .   f - +0 pair of gloves
Will    +++..                   e - +0 pair of boots
Stlth   ..........              i - amulet of guardian spirit
HPRegen 1.26/turn               c - +4 ring of slaying
MPRegen 0.12/turn               r - ring of resist corrosion

@: strong-willed, regenerating, invisible
A: horns 2, retaliatory headbutt
a: Renounce Religion, Berserk, Trog's Hand


You were on level 10 of the Dungeon.
You worshipped Trog.
Trog was most pleased with you.
You visited 1 branch of the dungeon, and saw 10 of its levels.
You also visited: Sewer.

You collected 677 gold pieces.

Inventory:

Hand Weapons
 m - the +2 executioner's axe of Ihisiwegg (weapon) {vorpal, Will+ Str+4}
   (You acquired it on level 10 of the Dungeon)

   It inflicts extra damage upon your enemies.
   Str:       It affects your strength (+4).
   Will:      It increases your willpower.
 y - a +4 hand axe of freezing
 H - the +4 mace of Gallantry {freeze, Str+3}
   (You found it on level 9 of the Dungeon)

   It freezes those it strikes, dealing additional cold damage.
   It can also slow down cold-blooded creatures.
   Str:       It affects your strength (+3).
Missiles
 K - 8 javelins (quivered)
Armour
 e - a +0 pair of boots (worn)
 f - a +0 pair of gloves (worn)
 x - a +0 cloak (worn)
 G - a +0 plate armour (worn)
Jewellery
 c - a +4 ring of slaying (left hand)
 i - an amulet of guardian spirit (around neck)
 r - a ring of resist corrosion (right hand)
 w - a ring of fire
Wands
 a - a wand of digging (11)
 t - a wand of flame (43)
 B - a wand of polymorph (7)
 E - a wand of charming (7)
Scrolls
 b - 7 scrolls of teleportation
 p - a scroll of fear
Potions
 d - 3 potions of heal wounds
 g - 2 potions of resistance
 j - 3 potions of curing
 s - a potion of haste
 I - a potion of might


   Skills:
 + Level 9.9 Fighting
 + Level 13.5(13.9) Axes
 + Level 5.3(10.2) Maces & Flails
 + Level 11.0 Armour
 + Level 4.9 Dodging
 + Level 1.6 Stealth


You had 10 spell levels left.
You didn't know any spells.
Your spell library was empty.

Dungeon Overview and Level Annotations

Branches:
Dungeon (10/15)            Temple (0/1) D:6            Lair (0/6) D:10
    Orc (0/2) D:10          Sewer (visited)

Altars:
Zin

Shops:
D:8 :


Innate Abilities, Weirdness & Mutations

You have a pair of horns on your head.
You reflexively headbutt those who attack you in melee.


Message History

The electric eel shoots out a bolt of lightning at something!
You closely miss the electric eel.
The electric eel shoots out a bolt of lightning past the electric eel!
The electric eel shoots out a bolt of lightning at you!
The bolt of electricity hits you. The bolt of electricity hits you!
* * * LOW HITPOINT WARNING * * *
The bolt of electricity hits the electric eel.
The electric eel completely resists.
The electric eel shoots out a bolt of lightning past the electric eel!
You strike the helpless electric eel from behind!
You slash the electric eel!
The electric eel is severely wounded.
The electric eel shoots out a bolt of lightning past the electric eel!
You miss the electric eel.
The electric eel is severely wounded.
The electric eel shoots out a bolt of lightning at you!
The bolt of electricity hits you.
* * * LOW HITPOINT WARNING * * *
The bolt of electricity hits you.
* * * LOW HITPOINT WARNING * * *
The bolt of electricity misses the electric eel.
You miss the electric eel.
The electric eel is severely wounded.
The electric eel shoots out a bolt of lightning at you!
The bolt of electricity hits you!
* * * LOW HITPOINT WARNING * * *
The bolt of electricity misses you.
The bolt of electricity hits the electric eel.
The electric eel completely resists.
The electric eel shoots out a bolt of lightning at the electric eel!
The bolt of electricity hits the electric eel.
The electric eel completely resists.
As you read the scroll of fear, it crumbles to dust.
You assume a fearsome visage.
The electric eel looks frightened! x2
The electric eel shoots out a bolt of lightning at you!
The bolt of electricity hits you!
* * * LOW HITPOINT WARNING * * *
The electric eel shoots out a bolt of lightning at you!
The bolt of electricity hits you!
You die...

≈≈≈≈≈≈.,,,≈≈≈≈,,,,,,,,,,,,<,*
....)...>..≈≈≈≈...#*,,,,,,^**
≈≈≈≈≈≈≈...≈≈≈.≈≈≈.#,,,<,,,,*
.≈≈≈≈...≈..≈≈≈....#,,,,,,***
≈≈≈≈≈≈≈..≈≈S≈≈....#,,,,,,*
≈≈≈≈≈≈≈≈≈≈≈≈≈S....#,,,,.,*
≈≈≈..≈≈.≈≈≈..≈....#,>...,*
≈......≈≈.≈..≈)..?#.....,*
................@.......,*
###########.............,*
##############**


You could see 2 electric eels.

Vanquished Creatures
  A boulder beetle (D:10)
  A two-headed ogre (D:9)
  Pikel (D:5)
  2 ugly things (D:9)
  A kobold demonologist (D:9)
  A freezing wraith (D:9)
  3 trolls
  2 hornets (D:8)
  A shadow (D:9)
  A wyvern (D:7)
  5 yaks (D:9)
  Menkaure (D:5)
  The ghost of paps the Covert, an amateur OpDe (D:4)
  Duvessa (D:4)
  Pargi (Sewer)
  An ice beast (D:8)
  2 orc warriors (D:8)
  A black bear (D:5)
  3 wolves (D:10)
  The ghost of nj0rd12 the Magician, an amateur DjIE (D:4)
  7 centaurs
  A lemure (D:5)
  A bullfrog (D:8)
  A wyvern zombie (D:5)
  Dowan (D:4)
  A water moccasin skeleton (D:5)
  A killer bee (D:9)
  5 wights (D:6)
  2 electric eels (D:10)
  4 centaur zombies
  3 gnoll shamans
  4 hounds
  3 jellies
  A centaur skeleton (D:5)
  8 orc priests
  A bullfrog skeleton (D:5)
  An iguana (D:7)
  11 orc wizards
  2 killer bee zombies (D:7)
  A hound zombie (D:5)
  2 howler monkey zombies
  Robin (D:4)
  16 gnolls
  7 adders
  2 worms
  A dart slug (D:1)
  18 orcs
  6 endoplasms
  5 giant cockroaches
  9 hobgoblins
  10 ball pythons
  14 bats
  3 frilled lizards
  12 goblins
  7 kobolds
  5 rats
208 creatures vanquished.

Vanquished Creatures (others)
  A shadow (D:10)
  5 withered plants (D:4)
6 creatures vanquished.

Grand Total: 214 creatures vanquished

Notes
Turn   | Place    | Note
-------+----------+-------------------------------------------
     0 | D:1      | AvatarAndi78 the Minotaur Berserker began the quest for the
                  | Orb.
     0 | D:1      | Reached XP level 1. HP: 19/19 MP: 0/0
   279 | D:1      | Reached XP level 2. HP: 27/27 MP: 1/1
   360 | D:1      | Found a faded altar of an unknown god.
   649 | D:1      | Reached skill level 4 in Axes
   903 | D:1      | Reached ** piety under Trog
  1025 | D:2      | Reached XP level 3. HP: 34/34 MP: 2/2
  1994 | D:3      | Reached XP level 4. HP: 41/41 MP: 3/3
  2541 | D:4      | Noticed Duvessa
  2541 | D:4      | Noticed Dowan
  2546 | D:4      | Killed Duvessa
  2547 | D:4      | Reached skill level 5 in Axes
  2547 | D:4      | Reached XP level 5. HP: 47/47 MP: 4/4
  2549 | D:4      | Killed Dowan
  2550 | D:4      | Reached skill level 5 in Fighting
  2566 | D:4      | Reached XP level 6. HP: 34/56 MP: 5/5
  2777 | D:4      | Noticed Robin
  2785 | D:4      | Reached *** piety under Trog
  2789 | D:4      | Killed Robin
  3055 | D:4      | Found a runed translucent gate.
  3055 | D:4      | Found a runed translucent gate.
  3055 | D:4      | Found a runed translucent gate.
  3056 | D:4      | Noticed paps's ghost (amateur OpDe)
  3057 | D:4      | Noticed nj0rd12's ghost (amateur DjIE)
  3142 | D:4      | Reached skill level 6 in Axes
  3146 | D:4      | Found a glowing drain.
  3155 | Sewer    | Entered a sewer
  3175 | Sewer    | Noticed Pargi
  3185 | Sewer    | Killed Pargi
  3186 | Sewer    | Reached skill level 5 in Armour
  3333 | D:5      | Entered Level 5 of the Dungeon
  3370 | D:5      | Reached XP level 7. HP: 46/61 MP: 4/6
  3449 | D:5      | Noticed Pikel
  3459 | D:5      | Killed Pikel
  3460 | D:5      | Reached skill level 8 in Axes
  3540 | D:5      | Reached XP level 8. HP: 70/70 MP: 7/7
  3597 | D:5      | Identified the +0 leather armour "Guism" {Regen+ Int+4
                  | Dex-4}
  3618 | D:5      | Noticed Menkaure
  3625 | D:5      | Killed Menkaure
  4095 | D:5      | Reached skill level 1 in Stealth
  4096 | D:5      | Reached skill level 9 in Axes
  4490 | D:6      | Found a glowing silver altar of Zin.
  4661 | D:6      | Found a staircase to the Ecumenical Temple.
  4696 | D:6      | Reached skill level 10 in Axes
  4971 | D:4      | Killed paps's ghost
  4973 | D:4      | Killed nj0rd12's ghost
  4974 | D:4      | Reached XP level 9. HP: 79/79 MP: 8/8
  5149 | D:7      | Noticed a troll
  5156 | D:7      | Killed a troll
  5402 | D:7      | Reached skill level 11 in Axes
  6232 | D:8      | Paralysed by a hornet for 1 turns
  6267 | D:8      | Paralysed by a hornet for 1 turns
  6496 | D:8      | Reached skill level 12 in Axes
  6744 | D:8      | Found Sanly's Book Shop.
  7141 | D:9      | Identified the +4 mace of Gallantry {freeze, Str+3}
  7272 | D:9      | Noticed a brown ugly thing
  7273 | D:9      | Noticed a kobold demonologist
  7275 | D:9      | Noticed a rust devil
  7282 | D:9      | Killed a brown ugly thing
  7283 | D:9      | Reached XP level 10. HP: 90/90 MP: 4/9
  7297 | D:9      | Reached skill level 1 in Maces & Flails
  7351 | D:9      | Noticed a two-headed ogre
  7372 | D:9      | Killed a two-headed ogre
  7544 | D:9      | Reached skill level 13 in Axes
  7637 | D:9      | Noticed a white ugly thing
  7653 | D:9      | Reached skill level 10 in Armour
  8281 | D:9      | Killed a white ugly thing
  8282 | D:9      | Reached skill level 5 in Maces & Flails
  8575 | D:10     | Entered Level 10 of the Dungeon
  8575 | D:10     | Found a staircase to the Orcish Mines.
  8680 | D:10     | Reached XP level 11. HP: 73/99 MP: 6/10
  8820 | D:10     | Noticed a boulder beetle
  8829 | D:10     | Killed a boulder beetle
  8939 | D:10     | Acquired the +2 executioner's axe of Ihisiwegg {vorpal,
                  | Will+ Str+4}
  9230 | D:10     | Found a staircase to the Lair.
  9256 | D:10     | Killed from afar by an electric eel

Illustrated notes

Levels and vault maps discovered:
D:1:      dpeg_arrival_castle, layout_basic, nicolae_ecumenical_lake_church
D:2:      layout_basic
D:3:      layout_basic
D:4:      layout_cave_pools, portal_sewer_entry_d, gammafunk_ghost_cemetery,
          uniq_robin, uniq_duvessa
D:5:      layout_loops_ring, minmay_misc_feat_ornament,
          chequers_serial_rivers_marsh, uniq_pikel, uniq_menkaure
D:6:      layout_rooms, overflow_temple_1_default, minmay_temple_entry_crystal_x
D:7:      layout_layer_cave, minmay_a_box_with_orc_wizards_in_it
D:8:      layout_cave_pools, serial_shops, shop
D:9:      wad_arrow_thing, layout_loops_corners
D:10:     layout_basic, erik_lair_island, nzn_sisyphean_effort

Skill      XL: |  1  2  3  4  5  6  7  8  9 10 11 |
---------------+----------------------------------+-----
Fighting       | 4 5 6 7 8 9 |  9.9
Axes           | 4 5 6 8 10 12 13 | 13.5
Armour         | 3 4 5 6 7 9 10 11 | 11.0
Dodging        | 3 4 |  4.9
Stealth        | 1 |  1.6
Maces & Flails | 5 |  5.3

Action                   |  1- 3 |  4- 6 |  7- 9 | 10-12 || total
-------------------------+-------+-------+-------+-------++-------
Melee: Hand axe          |    69 |    69 |   163 |       ||   301
       Headbutt          |    10 |     7 |    43 |    28 ||    88
       Mace              |       |       |     8 |    62 ||    70
       Battleaxe         |       |       |       |    39 ||    39
       Executioner's axe |       |       |       |    17 ||    17
Invok: Berserk           |       |     3 |    12 |     4 ||    19
       Trog's Hand       |       |     2 |    11 |     5 ||    18
  Use: Scroll            |       |     3 |       |    10 ||    13
       Potion            |       |       |       |     7 ||     7
 Stab: Invisible         |       |       |       |     1 ||     1
Armor: Animal skin       |     1 |       |       |       ||     1
       Scale mail        |    15 |       |       |       ||    15
       Leather armour    |     1 |       |       |       ||     1
       Chain mail        |     6 |    55 |    82 |       ||   143
       Plate armour      |       |       |    24 |    96 ||   120
Dodge: Dodged            |    41 |    44 |    51 |    77 ||   213

Table legend: (Time is in decaauts)
 A = Elapsed time spent in this place.
 B = Non-inter-level travel time spent in this place.
 C = Inter-level travel time spent in this place.
 D = Time resting spent in this place.
 E = Time spent auto-exploring this place.
 F = Levels seen in this place.
 G = Mean time per level.
                   A        B        C        D        E       F      G
               +--------+--------+--------+--------+--------+-----+--------+
         Total |   9426 |   9102 |    324 |      0 |   7590 |  11 |  856.9 |
       Dungeon |   9335 |   9011 |    324 |      0 |   7551 |  10 |  933.5 |
         Sewer |     90 |     90 |      0 |      0 |     39 |   1 |   90.0 |
               +--------+--------+--------+--------+--------+-----+--------+

Top non-repeatable levels by time:
     D:9: 1699 daAuts
     D:5: 1211 daAuts
     D:7: 1185 daAuts
     D:1: 946 daAuts
     D:3: 922 daAuts
     D:4: 815 daAuts
     D:8: 722 daAuts
    D:10: 685 daAuts
     D:2: 681 daAuts
     D:6: 465 daAuts
   Sewer: 90 daAuts
